 Dungeon Crawl Stone Soup version 0.23-a0-536-g5e0f5a2 (webtiles) character file.

31 robertstho the Vandal (level 3, -4/24 HPs)
             Began as a Halfling Hunter on Dec 7, 2018.
             Killed from afar by an orc wizard (6 damage)
             ... with a magic dart
             ... on level 2 of the Dungeon.
             The game lasted 00:01:29 (538 turns).

robertstho the Vandal (Halfling Hunter)              Turns: 538, Time: 00:01:29

Health: -4/24      AC:  3    Str: 13    XL:     3   Next: 40%
Magic:  3/3        EV: 14    Int:  9    God:
Gold:   36         SH:  0    Dex: 15    Spells: 2/2 levels left

rFire    + . .     SeeInvis .   a - +1 hunting sling
rCold    . . .     Gourm    .   (shield restricted)
rNeg     . . .     Faith    .   c - +0 leather armour
rPois    .         Spirit   .   (no helmet)
rElec    .         Reflect  .   (no cloak)
rCorr    .         Harm     .   (no gloves)
MR       .....                  (no boots)
Stlth    ++........             (no amulet)
HPRegen  0.08/turn              i - ring of protection from fire
MPRegen  0.08/turn              (no ring)

@: no status effects
A: small, mutation resistance 1
a: no special abilities


You were on level 2 of the Dungeon.
You were not hungry.

You visited 1 branch of the dungeon, and saw 2 of its levels.

You collected 36 gold pieces.

Inventory:

Hand Weapons
 a - a +1 hunting sling (weapon)
 b - a +0 short sword
Missiles
 o - 7 stones (quivered)
Armour
 c - a +0 leather armour (worn)
Jewellery
 i - a ring of protection from fire (left hand)
Scrolls
 g - a scroll of identify {unknown}
 j - a scroll of fear {unknown}
 m - a scroll of noise {unknown}
 p - a scroll of enchant armour {unknown}
Potions
 e - a potion of mutation {unknown}
 h - a potion of heal wounds {unknown}
 l - a potion of flight {unknown}
 n - a potion of agility {unknown}
Comestibles
 f - 4 rations
 k - 6 chunks of flesh


   Skills:
 + Level 1.8 Fighting
 * Level 7.1 Slings
 + Level 0.3 Armour
 * Level 2.3 Dodging
 - Level 1.1 Stealth


You had 2 spell levels left.
You didn't know any spells.
Your spell library was empty.

Dungeon Overview and Level Annotations

Branches:
Dungeon (2/15)

Altars:


Innate Abilities, Weirdness & Mutations

You are small and have problems with some larger weapons.
You are somewhat resistant to further mutation.


Message History

You shoot a stone. The stone hits the orc!
You kill the orc!
Firing (i - inventory)
o - 8 stones (quivered)
Press: ? - help, Shift-Dir - straight line, f - orc
Aim: an orc, wielding a +0 trident You shoot a stone.
The stone hits the orc.
The orc is heavily wounded.
Something hits you. x2
An orc comes into view. It is wielding a +0 flail.
You are too injured to fight recklessly!
You are too injured to fight recklessly!
You hear some strange, mumbled words.
A magic dart appears from out of thin air!
The magic dart hits you!
* * * LOW HITPOINT WARNING * * *
Something hits you.
* * * LOW HITPOINT WARNING * * *
A magic dart appears from out of thin air!
The magic dart hits you!
You die...

..... #......P♣P...........
... #.# #...♣...........
#####.###.# ##..............
#......)..#####...##########.
#..............÷<.<.#####....
#..........)......#.......###
####.........÷##########.....
#.#######.....#####...#### #.
#@#.........#### ..
####.###..........# .##
#..(.{...♣.♣......# #.
#...##o####.........# #.#
#(###.♣.♣)...♣.P♣
#.####(#.).#.....♣...P
###..........♣.♣##♣♣♣♣.P♣
...........###.#


.PP ##......o..# ♣.♣ You could see an orc.

Vanquished Creatures
  An adder (D:2)
  A dart slug (D:2)
  An orc (D:2)
  3 goblins
  2 hobgoblins
  3 jackals (D:2)
  2 kobolds (D:2)
  A frilled lizard (D:2)
  4 rats (D:2)
18 creatures vanquished.

Notes
Turn   | Place    | Note
-------+----------+-------------------------------------------
     0 | D:1      | robertstho the Halfling Hunter began the quest for the Orb.
     0 | D:1      | Reached XP level 1. HP: 14/14 MP: 1/1
   197 | D:1      | Reached skill level 6 in Slings
   295 | D:1      | You fall through a shaft!
   346 | D:2      | Reached XP level 2. HP: 17/19 MP: 2/2
   434 | D:2      | Reached XP level 3. HP: 22/24 MP: 3/3
   482 | D:2      | Reached skill level 7 in Slings
   538 | D:2      | Killed from afar by an orc wizard

Vault maps used:
D:1:      ebering_trefoil_3fold
D:2:      lemuel_round_altar, serial_forest, infiniplex_forest_lined_room_2,
          infiniplex_forest_zigzag_1, infiniplex_forest_lined_corner,
          infiniplex_forest_clump_large, infiniplex_forest_lined_3,
          infiniplex_forest_end_2, infiniplex_forest_clump_diagonal,
          kennysheep_flooded_box, uniq_terence

Skill      XL: |  1  2  3 |
---------------+----------+-----
Slings         | 6 7 |  7.1
Fighting       | |  1.8
Armour         | |  0.3
Dodging        | |  2.3
Stealth        | |  1.1

Action                   || total
-------------------------++-------
 Fire: Hunting sling     ||    60
Armor: Leather armour    ||     3
Dodge: Dodged            ||    12

Table legend:
 A = Non-vault XP
 B = Vault XP
 C = Vault XP percentage of total XP
 D = Non-vault monster count
 E = Vault monster count
 F = Vault count percentage of total count
                 A         B        C        D         E       F
            +---------+---------+-------+---------+---------+-------
      Total |      45 |       0 |   0.0 |      18 |       0 |   0.0
            +---------+---------+-------+---------+---------+-------
        D:1 |       4 |       0 |   0.0 |       2 |       0 |   0.0
        D:2 |      41 |       0 |   0.0 |      16 |       0 |   0.0
            +---------+---------+-------+---------+---------+-------
